 Dungeon Sprint DCSS version 0.17-a0-1719-g1afd5a1 (webtiles) character file.

1800000 ztt the Portalist (level 14, -34/134 (135) HPs)
             Began as a Ghoul Warper on Aug 27, 2015.
             Was a Follower of Makhleb.
             Annihilated by a meat berserker
             ... wielding a +9 battleaxe
              (47 damage)
             ... in the Dungeon (Sprint VIII: "Arena of Blood").
             The game lasted 00:00:26 (18 turns).

ztt the Portalist (Ghoul Warper)                      Turns: 18, Time: 00:00:28

HP:   -34/134 (135) AC:  3    Str: 20    XL:     14   Next: 66%
MP:   4/30          EV: 16    Int:  8    God:    Makhleb [*.....]
Gold: 0             SH:  0    Dex:  8    Spells: 2 memorised, 37 levels left

rFire  . . .     SeeInvis .     l - +∞ Axe of Woe
rCold  + . .     Clarity  .     b - +0 leather armour
rNeg   + + +     SustAt   .     (no shield)
rPois  ∞         Gourm    .     (no helmet)
rElec  .         Spirit   .     (no cloak)
rCorr  .         Warding  .     (no gloves)
rMut   .         NoTele   +     (no boots)
MR     +....                    (no amulet)
Stlth  +.........               (no ring)
                                (no ring)

@: rotting, somewhat resistant to hostile enchantments, very unstealthy
A: rotting body, claws 1, carnivore 3, cold resistance 1, negative energy
resistance 3, slow healing 1, torment resistance, unbreathing
a: Renounce Religion


You were in the Dungeon.
You worshipped Makhleb.
Makhleb was aware of your devotion.
You were not hungry.

You visited 1 branch

Inventory:

Hand weapons
 a - a +0 hand axe
 l - the +∞ Axe of Woe (weapon)
   (You found it in the Dungeon)
Missiles
 e - 5 tomahawks of dispersal (quivered)
Armour
 b - a +0 leather armour (worn)
Scrolls
 d - 2 scrolls of blinking
Potions
 g - a potion of curing
 h - a potion of heal wounds
 i - a potion of haste
 j - 2 potions of magic
 k - a potion of berserk rage
Books
 c - a book of Spatial Translocations

   Spells                             Type                      Level
   a - Apportation                    Translocation                1
   b - Blink                          Translocation                2
   c - Shroud of Golubria             Charms/Translocation         2
   d - Portal Projectile              Translocation                3
   e - Teleport Other                 Translocation                3
   f - Passage of Golubria            Translocation                4
Comestibles
 f - a meat ration


   Skills:
 + Level 15.2 Fighting
 + Level 13.2 Axes
 + Level 4.6 Throwing
 + Level 5.4 Armour
 + Level 12.8 Dodging
 + Level 13.9 Spellcasting
 + Level 22.9 Translocations


You had 37 spell levels left.
You knew the following spells:

 Your Spells              Type           Power        Failure   Level  Hunger
a - Apportation           Tloc           #####.....   0%          1    None
b - Blink                 Tloc           N/A          0%          2    None


Dungeon Overview and Level Annotations

Branches:
Dungeon (1/1)

Altars:
Makhleb


Innate Abilities, Weirdness & Mutations

Your body is rotting away.
You thrive on raw meat.
You are immune to poison.
You have sharp fingernails.
You are carnivorous and can eat meat at any time.
Your flesh is cold resistant.
You are immune to negative energy.
You heal slowly when monsters are visible.
You are immune to unholy pain and torment.
You can survive without breathing.


Message History

You hear a shout! x6
An orc and an ogre come into view.
The bag of meat shouts!
You hear a shout!
You hear a shout!
You hear a shout!
You hear a shout! x6
A meat berserker comes into view. It is wielding a +9 battleaxe.
A bag of meat comes into view. It is wielding a +9 war axe.
The bag of meat shouts!
You hear a shout!
You hear a shout!
You hear a shout!
You hear a shout! x8
Things that are here:
a +9 battleaxe; a +30 ring of slaying; a meat berserker corpse A bag of meat comes into view.
It is wielding a +9 war axe.
You hear a shout! x5
A meat berserker comes into view. It is wielding a +9 battleaxe.
You hear a shout!
The meat berserker rages.
You hear a shout! x5
The meat berserker rages.
You hear a shout! x2
The meat berserker hits you with a +9 battleaxe!!!
You die...

..... .. #... ..#
#O.. ..# .###...
..###.
......###......
....._..... .
#.....# . ...
#@O<._# ...
.....#.)...#.....
#.....O.._........
........###o......
.o.###... ..###..
.. #... O.# #o...
..# ..... o..
...........


You could see 3 meat berserkers and 2 bags of meat.

Vanquished Creatures
  An ogre (D)
  2 orcs (D)
3 creatures vanquished.

Notes
Turn   | Place    | Note
--------------------------------------------------------------
     0 | D        | ztt the Ghoul Warper began the quest for the Orb.
     0 | D        | Reached XP level 1. HP: 17/17 MP: 2/2
     3 | D        | Noticed a bag of meat
     4 | D        | Noticed a bag of meat
     4 | D        | Became a worshipper of Makhleb the Destroyer
     5 | D        | Noticed a meat berserker
     7 | D        | Killed a bag of meat
     7 | D        | Reached skill level 11 in Fighting
     7 | D        | Reached skill level 10 in Spellcasting
     7 | D        | Reached skill level 17 in Translocations
     7 | D        | Reached XP level 2. HP: 19/39 MP: 2/12
     7 | D        | Reached XP level 3. HP: 22/46 MP: 2/14
     7 | D        | Reached XP level 4. HP: 25/54 MP: 2/15
     7 | D        | Reached XP level 5. HP: 27/60 MP: 2/17
     7 | D        | Reached XP level 6. HP: 30/67 MP: 2/18
     7 | D        | Reached XP level 7. HP: 32/73 MP: 2/20
     7 | D        | Reached XP level 8. HP: 35/81 MP: 2/21
     7 | D        | Reached XP level 9. HP: 38/88 MP: 2/22
     7 | D        | Reached XP level 10. HP: 41/95 MP: 2/23
     7 | D        | Reached XP level 11. HP: 43/101 MP: 2/24
     7 | D        | Reached XP level 12. HP: 46/109 MP: 2/25
     8 | D        | Killed a meat berserker
     8 | D        | Acquired Makhleb's first power
     8 | D        | Reached skill level 21 in Translocations
     8 | D        | Reached XP level 13. HP: 10/124 MP: 2/29
     8 | D        | Reached XP level 14. HP: 10/132 MP: 2/30
     8 | D        | Killed a bag of meat
     8 | D        | Reached skill level 15 in Fighting
     8 | D        | Reached skill level 5 in Armour
     8 | D        | Reached skill level 22 in Translocations
    10 | D        | Noticed a bag of meat
    14 | D        | Learned a level 2 spell: Blink
    14 | D        | Noticed a bag of meat
    15 | D        | Noticed a bag of meat
    15 | D        | Noticed a meat berserker
    16 | D        | Noticed a meat berserker
    16 | D        | Noticed a bag of meat
    17 | D        | Noticed a bag of meat
    18 | D        | Noticed a meat berserker
    18 | D        | Annihilated by a meat berserker

Vault maps used:
D:        meatsprint

Action                   |  1- 3 |  4- 6 |  7- 9 | 10-12 | 13-15 || total
-------------------------+-------+-------+-------+-------+-------++-------
Melee: Executioner's axe |     1 |       |       |     1 |       ||     2
